 Dungeon Crawl Stone Soup version 0.18-a0-1292-ge8ad84c (webtiles) character file.

210 Gagarin the Magician (level 5, -1/28 HPs)
             Began as a Deep Elf Earth Elementalist on Feb 9, 2016.
             Slain by an ogre
             ... wielding a +0 giant spiked club
              (28 damage)
             ... on level 4 of the Dungeon.
             The game lasted 00:14:27 (3052 turns).

Gagarin the Magician (Deep Elf Earth Elementalist)  Turns: 3052, Time: 00:14:27

Health: -1/28      AC:  2    Str:  6    XL:     5   Next: 57%
Magic:  10/14      EV:  8    Int: 20    God:
Gold:   98         SH:  0    Dex: 15    Spells: 4 memorised, 2 levels left

rFire  . . .     SeeInvis .     p - +0 dagger
rCold  . . .     Gourm    .     a - +0 robe
rNeg   . . .     Faith    .     (no shield)
rPois  .         Spirit   .     (no helmet)
rElec  .         Dismiss  .     (no cloak)
rCorr  .         Reflect  .     (no gloves)
SustAt .         Harm     .     (no boots)
MR     .....                    (no amulet)
Stlth  ++........               (no ring)
                                (no ring)

@: very slightly contaminated, not resistant to hostile enchantments, unstealthy
A: no striking features
a: no special abilities


You were on level 4 of the Dungeon.
You were not hungry.

You visited 1 branch of the dungeon, and saw 4 of its levels.

You collected 98 gold pieces.

Inventory:

Hand Weapons
 k - a +0 hunting sling
 p - a +0 dagger (weapon)
Missiles
 b - 65 stones (quivered)
 i - 7 curare-tipped needles
Armour
 a - a +0 robe (worn)
Scrolls
 e - 2 scrolls of teleportation {unknown}
 g - a scroll of remove curse {unknown}
 h - a scroll of amnesia {unknown}
 l - 3 scrolls of identify {unknown}
 n - 4 scrolls of recharging {unknown}
 r - a scroll of magic mapping {unknown}
 u - a scroll of noise {unknown}
Potions
 j - a potion of heal wounds {unknown}
 m - a potion of brilliance {unknown}
 o - a potion of lignification {unknown}
 q - a potion of mutation {unknown}
 s - a potion of might {unknown}
 t - a potion of cancellation {unknown}
Books
 c - a book of Geomancy

   Spells                             Type                      Level
   a - Sandblast                      Earth                        1
   b - Passwall                       Transmutation/Earth          2
   c - Stone Arrow                    Conjuration/Earth            3
   d - Petrify                        Transmutation/Earth          4
   e - Lee's Rapid Deconstruction     Earth                        5
Comestibles
 d - 4 bread rations
 f - 3 fruits
 v - 2 chunks of flesh


   Skills:
 + Level 1.4 Slings
 + Level 2.6 Dodging
 + Level 3.0 Stealth
 + Level 5.4 Spellcasting
 + Level 1.1 Transmutations
 + Level 5.0 Earth Magic


You had 2 spell levels left.
You knew the following spells:

 Your Spells              Type           Power        Failure   Level  Hunger
a - Sandblast             Erth           ####..       1%          1    None
b - Passwall              Trmt/Erth      ###.......   6%          2    None
c - Petrify               Trmt/Erth      ###.....     38%         4    ####...
d - Lee's Rapid Deconstr  Erth           ####......   45%         5    #####..


Dungeon Overview and Level Annotations

Branches:
Dungeon (4/15)
 Temple: D:4-7

Altars:
Pakellas

Shops:
D:4 :

Annotations:
D:3 PeterLawrence's ghost, amateur GrFi


Message History

A centaur skeleton comes into view.
The ogre shouts!
Found a stone staircase leading down.
You see here a bread ration.
d - 4 bread rations (gained 1)
Casting: Sandblast
Confirm with . or Enter, or press ? or * to list all spells.
Aiming: Petrify
Press: ? - help, Shift-Dir - straight line, f - ogre
Aim: an ogre, wielding a giant spiked club (chance to defeat MR: 48%)
You miscast Petrify.
You are very lightly contaminated with residual magic.
You feel a strange surge of energy!
Read which item? (? for menu, Esc to quit)
Okay, then.
The centaur skeleton hits you but does no damage.
There is an escape hatch in the ceiling here.
The ogre hits you with a giant spiked club!!
Ouch! That really hurt!
You die...

#....###...∩.....#####..##
#......+..................
#####...####...######........#
#............................#
##.##...####......###......#.#
. #.##...# ##.....##########.#
..###.###### #.........# #.#
......##########.........# #..
..##...........Z@........# #..
#...........O.........#
#.....................#
#.....................#
#.....................#
##.............###.....#
#................# #.....#
#................# #.....#
#................# #.....#


You could see an ogre and a centaur skeleton.

Vanquished Creatures
  A giant frog (D:3)
  7 adders
  4 oozes
  3 worms
  A giant gecko (D:3)
  An orc (D:3)
  2 giant cockroaches
  5 goblins
  7 hobgoblins
  3 jackals (D:2)
  2 quokkas (D:2)
  A ball python (D:1)
  4 bats
  A giant gecko skeleton (D:4)
  4 giant newts
  8 kobolds
  9 rats
63 creatures vanquished.

Notes
Turn   | Place    | Note
--------------------------------------------------------------
     0 | D:1      | Gagarin the Deep Elf Earth Elementalist began the quest for the Orb.
     0 | D:1      | Reached XP level 1. HP: 10/10 MP: 6/6
   208 | D:1      | Reached XP level 2. HP: 15/15 MP: 6/8
   520 | D:1      | Reached XP level 3. HP: 16/19 MP: 5/9
   582 | D:2      | Learned a level 2 spell: Passwall
   600 | D:2      | Reached skill level 4 in Earth Magic
   750 | D:2      | Reached skill level 1 in Slings
  1176 | D:3      | Noticed a giant frog
  1183 | D:3      | Killed a giant frog
  1183 | D:3      | Reached XP level 4. HP: 1/24 MP: 6/12
  1569 | D:3      | Found an oddly glowing altar of Pakellas.
  1614 | D:3      | Reached XP level 5. HP: 28/28 MP: 11/14
  1626 | D:3      | Learned a level 4 spell: Petrify
  1632 | D:3      | Learned a level 5 spell: Lee's Rapid Deconstruction
  1666 | D:3      | Noticed PeterLawrence's ghost (amateur GrFi)
  1820 | D:3      | Reached skill level 5 in Spellcasting
  2291 | D:3      | Reached skill level 5 in Earth Magic
  2732 | D:4      | Noticed an ogre
  3012 | D:4      | Found Nosoagepp's Book Boutique.
  3052 | D:4      | Slain by an ogre

Vault maps used:
D:1:      eino_arrival_cavern_a
D:3:      gup_sewer_entry_spiral, minmay_crystal_room, grunt_pakellas_mercury
D:4:      first_bread, serial_shops, shop, kennysheep_small_circle

Action                   |  1- 3 |  4- 6 || total
-------------------------+-------+-------++-------
Melee: Unarmed           |     2 |       ||     2
       Dagger            |       |     2 ||     2
 Fire: Hunting sling     |    49 |    22 ||    71
 Cast: Sandblast         |    59 |    61 ||   120
       Passwall          |       |     3 ||     3
       Petrify           |       |     1 ||     1
 Stab: Sleeping          |     2 |     2 ||     4
  Eat: Chunk             |     1 |     4 ||     5
       Meat ration       |       |     1 ||     1
